Map: Echo LE (Void)

Players

Shamanas - Winner!

  • Race: Terran Terran

ForgottenOne

  • Race: Terran Terran

VOD

Have the link to the VOD?

Description

Time

  • Played on: May 3, 2015, 4:34 a.m.
  • Length: 12:47
Show
View Real Time Build Order
Export as new Build Order

Shamanas Terran - Winner!

Build Orders: Reaper Expand, Battlecruisers, Siege Tank Drop 

Get SALT Encoding   

  12  0:01  SCV  
  13  0:13  SCV  
  14  0:17  Supply Depot  
  14  0:25  SCV  
  15  0:39  SCV  
  15  0:42  Barracks  
  16  0:43  Refinery  
  16  0:51  SCV  
  17  1:03  SCV  
  18  1:15  SCV  
  19  1:29  Orbital Command  
  19  1:30  Reaper  
  20  1:40  Command Center  
  20  1:53  Supply Depot  
  20  1:55  SCV  
  21  2:05  Factory, Marine  
  22  2:09  SCV  
  23  2:21  SCV  
  24  2:26  Barracks Reactor  
  24  2:33  SCV, Refinery  
  25  2:45  SCV  
  25  2:46  Supply Depot  
  25  2:50  Factory Tech Lab  
  26  2:52  Orbital Command  
  26  2:57  SCV  
  27  3:02  Marine x2  
  27  3:04  Starport  
  29  3:12  SCV  
  30  3:20  SCV  
  30  3:21  Marine x2  
  30  3:24  SCV  
  34  3:36  SCV x2  
  35  3:41  Marine x2  
  35  3:42  Siege Tank  
  35  3:44  Medivac  
  42  3:49  Command Center  
  42  3:50  SCV  
  42  3:51  SCV  
  44  3:59  Refinery  
  44  4:01  Refinery, Marine x2  
  46  4:03  SCV  
  46  4:04  SCV  
  46  4:05  Supply Depot  
  48  4:14  Cyclone  
  48  4:15  SCV  
  52  4:17  SCV  
  52  4:18  Starport Tech Lab  
  52  4:22  Marine  
  54  4:27  Marine  
  54  4:30  Supply Depot, SCV x2  
  57  4:39  Banshee  
  57  4:40  Marine  
  57  4:43  Missile Turret  
  57  4:45  SCV, Missile Turret  
  62  4:51  SCV, Siege Tank, Marine  
  67  5:01  SCV  
  67  5:03  SCV  
  67  5:06  Orbital Command  
  68  5:11  Marine x2  
  61  5:31  Marine x2  
  61  5:32  Siege Tank  
  61  5:33  Viking  
  68  5:37  SCV x2  
  70  5:47  Starport  
  70  5:48  Starport  
  70  5:52  Marine x2  
  72  6:08  SCV x3  
  75  6:12  Banshee  
  76  6:24  Siege Tank  
  72  6:26  Orbital Command  
  72  6:28  SCV x2  
  74  6:35  Marine x2  
  74  6:36  Starport Reactor  
  74  6:37  Starport Tech Lab  
  76  6:41  Supply Depot  
  76  6:42  Supply Depot x2  
  76  6:44  Command Center  
  76  6:50  Missile Turret  
  76  6:52  SCV, Missile Turret  
  77  7:00  Refinery  
  77  7:01  SCV, Refinery  
  76  7:03  Banshee  
  76  7:04  Banshee  
  74  7:17  SCV x2  
  74  7:18  SCV  
  74  7:19  Missile Turret  
  77  7:26  Viking x2  
  78  7:33  SCV x3, Starport x2  
  78  7:34  Fusion Core  
  78  7:35  Starport  
  81  7:53  Viking x2  
  85  7:58  Orbital Command  
  85  8:03  Missile Turret  
  85  8:07  SCV x3  
  85  8:10  Siege Tank  
  91  8:15  Starport Tech Lab x2  
  91  8:19  SCV  
  92  8:23  Banshee, Viking x2  
  95  8:38  Banshee x2  
  95  8:39  Banshee  
  98  8:47  Orbital Command  
  90  8:49  Cloaking Field  
  90  8:51  Hyperflight Rotors  
  80  9:03  Viking x2  
  80  9:04  Viking x2  
  80  9:06  Banshee  
  87  9:12  Refinery  
  87  9:16  Refinery  
  87  9:17  SCV x3  
  90  9:25  Battlecruiser  
  90  9:29  SCV x2  
  90  9:31  Orbital Command  
  98  9:32  Refinery  
  98  9:36  SCV  
  99  9:41  SCV x2  
  101  9:55  Engineering Bay  
  101  9:59  SCV x4  
  105  10:05  Banshee  
  105  10:06  Banshee x2  
  114  10:11  SCV x2  
  116  10:20  Viking  
  116  10:29  Viking  
  116  10:30  Viking  
  116  10:31  Siege Tank  
  114  10:39  Armory  
  114  10:42  SCV x2  
  116  10:47  Sensor Tower  
  116  10:49  Supply Depot  
  116  10:50  Supply Depot  
  116  10:57  Supply Depot  
  116  11:07  Banshee  
  116  11:10  Viking x2  
  116  11:11  SCV x3, Battlecruiser, Banshee  
  123  11:16  Viking  
  131  11:19  Banshee  
  131  11:25  SCV x3  
  131  11:32  Siege Tank  
  134  11:41  SCV x3  
  134  11:44  Viking  
  134  11:46  Command Center  
  139  11:49  Supply Depot  
  139  11:50  Supply Depot  
  139  11:52  Supply Depot  
  139  11:56  Supply Depot  
  139  11:57  Supply Depot  
  139  12:04  SCV  
  140  12:11  SCV  
  140  12:12  Viking  
  152  12:16  Armory  
  161  12:26  Missile Turret  
  161  12:27  Missile Turret  
  156  12:31  Refinery  
Show
View Real Time Build Order
Export as new Build Order

ForgottenOne Terran 

Build Orders: Reaper Expand, Siege Tank Drop 

Get SALT Encoding   

  12  0:01  SCV  
  13  0:13  SCV  
  14  0:17  Supply Depot  
  14  0:25  SCV  
  15  0:39  SCV, Barracks  
  16  0:45  Refinery  
  16  0:51  SCV  
  17  1:03  SCV  
  18  1:15  SCV  
  19  1:27  Orbital Command  
  19  1:28  Reaper  
  20  1:41  Command Center  
  20  1:53  SCV  
  21  1:54  Supply Depot  
  21  2:04  Factory  
  21  2:06  SCV  
  22  2:18  SCV  
  22  2:22  Bunker  
  23  2:24  Barracks Reactor  
  23  2:30  SCV  
  24  2:42  SCV  
  24  2:44  Refinery  
  25  2:51  Factory Tech Lab  
  25  2:54  SCV, Orbital Command  
  25  2:56  Supply Depot  
  26  3:02  Marine x2  
  28  3:09  Starport  
  28  3:11  Hellion  
  28  3:12  SCV  
  31  3:20  Marine x2  
  31  3:24  Supply Depot  
  33  3:39  Marine x2  
  33  3:40  Siege Tank  
  33  3:41  SCV x2  
  40  3:50  Medivac  
  40  3:55  SCV x2  
  44  3:57  Marine x2  
  46  4:05  Engineering Bay  
  46  4:07  SCV x2  
  47  4:19  SCV x2  
  47  4:23  Barracks  
  49  4:24  Barracks  
  49  4:25  Viking, Barracks  
  49  4:28  Siege Tank  
  54  4:31  SCV x2  
  54  4:35  Marine x2  
  58  4:43  Supply Depot  
  58  4:48  SCV x2  
  56  5:13  Barracks Tech Lab  
  56  5:14  Barracks Reactor  
  56  5:15  Barracks Tech Lab  
  56  5:16  Medivac  
  58  5:30  Marine x2  
  60  5:36  Command Center  
  60  5:39  SCV x2, Marauder x2  
  66  5:51  Marine x2  
  66  5:52  Marine x2  
  66  5:53  Starport Reactor  
  70  5:57  Supply Depot  
  70  5:58  Supply Depot  
  70  6:02  Missile Turret  
  70  6:04  Missile Turret  
  70  6:07  SCV  
  70  6:11  SCV  
  70  6:17  Siege Tank  
  70  6:25  Marauder x2, Marine x3  
  71  6:26  Marine  
  71  6:27  SCV  
  71  6:28  SCV  
  77  6:47  Marauder  
  79  6:49  Siege Tank  
  79  6:52  Orbital Command, Marine x3  
  79  6:54  Supply Depot, SCV x2  
  87  6:58  Supply Depot  
  87  6:59  Terran Infantry Weapons Level 1, Supply Depot  
  87  7:01  Engineering Bay  
  81  7:20  Orbital Command  
  81  7:26  Marine x2  
  81  7:27  Marine x3  
  81  7:28  Marauder  
  81  7:29  SCV x2  
  90  7:31  Medivac  
  92  7:41  Medivac  
  94  7:44  Marine x2  
  96  7:53  Stimpack  
  96  7:56  SCV x3, Refinery  
  99  7:58  Refinery  
  99  8:01  Refinery  
  99  8:02  Refinery  
  99  8:08  SCV x2  
  99  8:09  SCV, Marine x3  
  99  8:10  Marauder, Marine  
  99  8:11  Marauder  
  110  8:20  Combat Shields, SCV x2  
  110  8:21  SCV  
  113  8:27  Marine x2  
  113  8:33  SCV  
  87  8:49  Marine x4  
  87  8:50  Marauder, Marine  
  87  8:51  Siege Tank, Medivac  
  87  8:54  SCV x3  
  94  8:58  Viking  
  94  9:06  SCV x3  
  91  9:10  Marine x4  
  91  9:16  Armory  
  91  9:17  Armory, Marauder  
  94  9:18  SCV x3  
  94  9:21  Command Center  
  97  9:26  Marine  
  97  9:28  Marine x4  
  97  9:30  SCV x2  
  104  9:37  Supply Depot, Viking x2  
  104  9:38  Supply Depot  
  108  9:39  Supply Depot, Marauder  
  108  9:40  SCV, Concussive Shells  
  108  9:42  SCV  
  108  9:44  Marauder  
  114  9:53  Missile Turret  
  114  9:57  Missile Turret, Marine x3  
  117  10:01  Siege Tank, Missile Turret  
  117  10:02  Marauder  
  117  10:04  Terran Vehicle And Ship Armor Level 1  
  117  10:05  Terran Vehicle and Ship Weapons Level 1  
  117  10:06  Marauder  
  124  10:09  Starport  
  112  10:32  Marine x4  
  112  10:33  Marine  
  112  10:34  Viking x2  
  116  10:41  SCV x3  
  119  10:43  Marauder  
  119  10:44  Siege Tank  
  119  10:46  Starport Reactor  
  124  10:51  Marine x5  
  124  10:52  Missile Turret  
  124  10:53  Missile Turret  
  124  10:54  Missile Turret  
  128  11:04  Viking x2, Marine  
  122  11:11  Marine x3  
  122  11:12  Marine  
  123  11:25  Viking x2  
  125  11:29  SCV x3  
  130  11:34  Viking  
  130  11:36  Viking  
  130  11:38  Marine  
  130  11:39  Marauder, Marine x2  
  139  11:41  SCV, Orbital Command  
  140  11:50  Supply Depot  
  140  11:53  SCV x2  
  140  11:54  Marauder  
  144  12:01  Marauder  
  146  12:03  Medivac  
  148  12:11  SCV x3, Medivac, Marine x2  
  155  12:15  Orbital Command  
  155  12:26  Marauder  
Tags
 
Add a new tag
Caveats
  • Supply blocks, unpowered buildings, or Contaminate may cause inaccurate times.
  • Supply counts are checked every 10 seconds.